 Dungeon Crawl Stone Soup version 0.18-a0-1784-ga939a68 (webtiles) character file.

52964 ololoev the Severer (level 14, -2/127 HPs)
             Began as a Hill Orc Fighter on Apr 18, 2016.
             Was a High Priest of the Shining One.
             Killed by the air
             ... invoked by Sojobo
              (9 damage)
             ... on level 1 of the Depths.
             The game lasted 01:06:11 (17024 turns).

ololoev the Severer (Hill Orc Fighter)             Turns: 17024, Time: 01:06:12

Health: -2/127     AC: 25    Str: 28    XL:     14   Next: 66%
Magic:  3/23       EV: 21    Int:  8    God:    the Shining One [*****.]
Gold:   591        SH: 10    Dex: 18    Spells: 0 memorised, 13 levels left

rFire  + . .     SeeInvis .     a - +5 battleaxe (freeze)
rCold  + . .     Gourm    .     d - +6 scale mail of Prudence {Regen+ Str+4}
rNeg   + + .     Faith    .     (shield currently unavailable)
rPois  .         Spirit   .     w - +2 hat "Ima Tab" {rC+}
rElec  .         Dismiss  .     c - +1 cloak
rCorr  .         Reflect  .     g - +2 pair of gloves {Dex+3}
SustAt .         Harm     .     i - +1 pair of boots
MR     ++...                    n - amulet of magic regeneration
Stlth  +.........               u - ring of protection from fire
                                v - ring of protection from magic

@: agile, divine shield, about to teleport, glowing, very resistant to hostile
enchantments, very unstealthy
A: no striking features
a: Divine Shield, Cleansing Flame, Summon Divine Warrior, Renounce Religion

Inventory:

Hand Weapons
 a - a +5 battleaxe of freezing (weapon)
Armour
 c - a +1 cloak (worn)
 d - the +6 scale mail of Prudence (worn) {Regen+ Str+4}
   (You bought it in a shop on level 6 of the Dungeon)

   It affects your strength (+4).
   It increases your rate of regeneration.
 g - a +2 pair of gloves of dexterity (worn)
 i - a +1 pair of boots (worn)
 w - the +2 hat "Ima Tab" (worn) {rC+}
   (You found it on level 4 of the Dungeon)

   It protects you from cold.
Jewellery
 e - an uncursed ring of protection from magic
 n - an amulet of magic regeneration (around neck)
 u - a ring of protection from fire (right hand)
 v - a ring of protection from magic (left hand)
Wands
 h - a wand of flame (9/48)
 s - a wand of digging (6/24)
Scrolls
 j - a scroll of remove curse
 p - 2 scrolls of teleportation
 r - 3 scrolls of fog
 x - a scroll of recharging
 C - a scroll of immolation
Potions
 b - a potion of ambrosia
 k - 2 potions of cancellation
 o - a potion of flight
 q - a potion of magic
 z - 3 potions of curing
Comestibles
 f - 8 bread rations
 l - 10 slices of pizza
 m - 6 meat rations
 A - 3 beef jerkies
 D - a mutagenic chunk of flesh


   Skills:
 + Level 12.8 Fighting
 * Level 18.5 Axes
 + Level 11.8 Armour
 + Level 8.1 Dodging
   Level 3.2 Shields
 + Level 12.9 Invocations


You had 13 spell levels left.
You didn't know any spells.


You were on level 1 of the Depths.
You worshipped the Shining One.
The Shining One was extremely pleased with you.
You were hungry.

You visited 3 branches of the dungeon, and saw 17 of its levels.
You also visited: Labyrinth.

You collected 1134 gold pieces.
You spent 543 gold pieces at shops.

#..........#..≈.........
#.......................
#######'##.........≈....
#.###≈.......≈≈... #.#
≈....§§ ≈≈... #.#
.§..§§§ §≈≈.. #.#
...≈≈§≈ §≈§≈≈ #.#
.§§§≈≈h .≈≈≈≈ #@# 4≈§≈§
#y# W3≈≈≈ #..uuQ..u.§≈
.§≈≈. #....4Q....≈ .≈§§.
#'######yu.u ≈§.. ...
..4 ... §. #.. . #..

Notes
Turn   | Place    | Note
--------------------------------------------------------------
     0 | D:1      | ololoev the Hill Orc Fighter began the quest for the Orb.
     0 | D:1      | Reached XP level 1. HP: 19/19 MP: 1/1
    80 | D:1      | Reached skill level 3 in Axes
   237 | D:1      | Reached XP level 2. HP: 25/26 MP: 2/2
   462 | D:1      | Reached XP level 3. HP: 27/33 MP: 3/3
   774 | D:2      | Reached skill level 4 in Axes
   845 | D:2      | Found an oddly glowing altar of Pakellas.
   905 | D:2      | Noticed Crazy Yiuf
   909 | D:2      | Killed Crazy Yiuf
   909 | D:2      | Reached XP level 4. HP: 40/40 MP: 4/4
  1381 | D:2      | Reached XP level 5. HP: 45/47 MP: 5/5
  1497 | D:3      | Reached skill level 5 in Axes
  1643 | D:3      | Found an ancient bone altar of Kikubaaqudgha.
  1653 | D:3      | Found a deep blue altar of Sif Muna.
  1655 | D:3      | Found a radiant altar of Vehumet.
  1660 | D:3      | Identified Vehumet's Guide on Conjuration
  1881 | D:3      | Found a blossoming altar of Fedhas.
  2068 | D:3      | HP: 2/47 [orc priest/divine providence (12)]
  2075 | D:3      | Reached skill level 5 in Fighting
  2076 | D:3      | Reached skill level 6 in Axes
  2076 | D:3      | Reached XP level 6. HP: 11/56 MP: 6/6
  2676 | D:4      | Noticed barb4r1an's ghost (amateur MiBe)
  3063 | D:4      | Found a white marble altar of Elyvilon.
  3072 | D:4      | Got a jewelled hat
  3078 | D:4      | Identified the +2 hat "Ima Tab" {rC+} (You found it on level 4 of the Dungeon)
  3167 | D:4      | Became a worshipper of Elyvilon the Healer
  3192 | D:4      | Reached skill level 7 in Axes
  3192 | D:4      | Reached skill level 1 in Invocations
  3192 | D:4      | Reached XP level 7. HP: 48/62 MP: 7/7
  3400 | D:5      | Entered Level 5 of the Dungeon
  3439 | D:5      | Found a burning altar of Makhleb.
  3443 | D:5      | Noticed an Executioner
  3446 | D:5      | Found a glowing silver altar of Zin.
  3447 | D:5      | Noticed an angel
  3485 | D:5      | Found a shimmering altar of Xom.
  3624 | D:5      | Reached skill level 5 in Armour
  3938 | D:5      | Reached * piety under Elyvilon
  4207 | D:4      | Reached skill level 8 in Axes
  4215 | D:4      | Gained mutation: You are agile. (Dex +2) [potion of mutation]
  4215 | D:4      | Gained mutation: Your mind is acute. (Int +2) [potion of mutation]
  4215 | D:4      | Lost mutation: You are agile. (Dex +2) [potion of mutation]
  4217 | D:4      | Lost mutation: Your mind is acute. (Int +2) [potion of cure mutation]
  4221 | D:4      | HP: 3/63 [poisoned by a killer bee]
  4223 | D:4      | HP: 1/63 [poisoned by a killer bee]
  4560 | D:4      | Reached XP level 8. HP: 32/70 MP: 10/10
  5092 | D:6      | Found Muohoap's Armour Shoppe.
  5401 | D:6      | Reached skill level 9 in Axes
  5752 | D:6      | Reached ** piety under Elyvilon
  5808 | D:6      | Found a staircase to the Ecumenical Temple.
  5817 | Temple   | Entered the Ecumenical Temple
  5863 | Temple   | Fell from the grace of Elyvilon
  5863 | Temple   | Became a worshipper of the Shining One
  6293 | D:7      | Reached skill level 1 in Dodging
  6304 | D:7      | Noticed George's ghost (novice FoFi)
  6384 | D:4      | Killed barb4r1an's ghost
  6642 | D:7      | Found a basalt altar of Yredelemnul.
  6648 | D:7      | Killed George's ghost
  6648 | D:7      | Reached skill level 10 in Axes
  6648 | D:7      | Reached skill level 5 in Invocations
  6648 | D:7      | Reached XP level 9. HP: 41/79 MP: 11/13
  6841 | D:7      | Found a stormy altar of Qazlal.
  7037 | D:8      | Reached * piety under the Shining One
  7079 | D:8      | Reached skill level 11 in Axes
  7486 | D:8      | Found a sacrificial altar of Ru.
  8083 | D:9      | Noticed Erolcha
  8216 | D:9      | Reached XP level 10. HP: 85/88 MP: 14/14
  8224 | D:9      | Found a staircase to the Lair.
  8310 | D:9      | Reached skill level 12 in Axes
  8348 | D:9      | Found Pacokub's Food Emporium.
  8388 | D:9      | HP: 4/90 [Erolcha/enchanted giant club (15)]
  8389 | D:9      | Killed Erolcha
  8838 | D:9      | Noticed a yaktaur captain
  9183 | D:9      | Found a bloodstained altar of Trog.
  9203 | D:9      | Noticed a deep elf mage
  9245 | D:9      | Killed a deep elf mage
  9245 | D:9      | Reached skill level 13 in Axes
  9284 | D:9      | Found a stormy altar of Qazlal.
  9290 | D:9      | Found a shattered altar of Ashenzari.
  9291 | D:9      | Noticed a centaur warrior
  9292 | D:9      | Noticed an orc knight
  9303 | D:9      | Killed a centaur warrior
  9303 | D:9      | Reached XP level 11. HP: 78/97 MP: 17/17
  9367 | D:10     | Entered Level 10 of the Dungeon
  9441 | D:10     | Reached ** piety under the Shining One
  9555 | D:10     | Noticed Harold
  9811 | D:9      | Killed a yaktaur captain
  9859 | D:6      | Bought the +6 scale mail of Prudence {Regen+ Str+4} for 543 gold pieces
 10011 | D:9      | Found a shattered altar of Ashenzari.
 10263 | D:9      | Killed an orc knight
 10858 | D:10     | Reached skill level 14 in Axes
 10874 | D:10     | Found a staircase to the Orcish Mines.
 10968 | D:10     | Reached skill level 5 in Dodging
 10975 | D:10     | Reached skill level 10 in Fighting
 11243 | D:10     | Killed Harold
 11248 | D:10     | Noticed a hill giant
 11451 | D:10     | Noticed a hill giant
 11467 | D:10     | Killed a hill giant
 11651 | D:10     | Killed a hill giant
 11651 | D:10     | Reached XP level 12. HP: 88/107 MP: 19/19
 11819 | D:11     | Found Xexaibe's Armour Emporium.
 12047 | D:11     | Noticed Grum
 12066 | D:11     | Killed Grum
 12671 | D:11     | Reached *** piety under the Shining One
 12768 | D:12     | Reached skill level 15 in Axes
 12783 | D:12     | Reached skill level 10 in Invocations
 12784 | D:12     | Found a labyrinth entrance.
 12791 | Lab      | Entered a labyrinth
 12833 | Lab      | Noticed a minotaur
 12837 | Lab      | Killed a minotaur
 12975 | D:12     | Found Gysexur's Book Shop.
 13527 | D:13     | Noticed a six-headed hydra
 13535 | D:13     | Killed a six-headed hydra
 13814 | D:13     | Reached **** piety under the Shining One
 14077 | D:14     | Found a gate to the Vaults.
 14077 | D:14     | Noticed a vault guard
 14077 | D:14     | Noticed a vault guard
 14077 | D:14     | Noticed a vault guard
 14077 | D:14     | Noticed a vault guard
 14077 | D:14     | Noticed a vault guard
 14078 | D:14     | Noticed a vault guard
 14078 | D:14     | Noticed a vault guard
 14078 | D:14     | Noticed a vault guard
 14086 | D:14     | Killed a vault guard
 14086 | D:14     | Reached skill level 10 in Armour
 14091 | D:14     | Killed a vault guard
 14091 | D:14     | Reached skill level 16 in Axes
 14099 | D:14     | Killed a vault guard
 14099 | D:14     | Reached XP level 13. HP: 76/116 MP: 21/21
 14114 | D:13     | Killed a vault guard
 14197 | D:14     | Noticed Kirke
 14200 | D:14     | Noticed Frances
 14220 | D:14     | Killed Kirke
 14267 | D:14     | You fall through a shaft!
 14267 | D:15     | Entered Level 15 of the Dungeon
 14476 | D:15     | Noticed an ice dragon
 14477 | D:15     | Noticed an ice dragon
 14489 | D:15     | Killed an ice dragon
 14496 | D:15     | Killed an ice dragon
 14498 | D:15     | Found a staircase to the Depths.
 14647 | D:15     | Reached skill level 17 in Axes
 15008 | D:14     | Killed a vault guard
 15148 | D:14     | Killed a vault guard
 15148 | D:14     | Reached XP level 14. HP: 122/126 MP: 23/23
 15376 | D:14     | Reached ***** piety under the Shining One
 15738 | D:14     | Reached skill level 18 in Axes
 15989 | D:15     | Found a shadowy altar of Dithmenos.
 16111 | D:15     | Found an oddly glowing altar of Pakellas.
 16440 | Depths:1 | Entered Level 1 of the Depths
 16649 | Depths:1 | Noticed Gruesome's ghost (adept DsGl)
 16710 | Depths:1 | Noticed a stone giant
 16736 | Depths:1 | Killed a stone giant
 16752 | Depths:1 | Noticed a fire giant
 16765 | Depths:1 | Killed a fire giant
 17003 | Depths:1 | crauler: да вы шутите
 17003 | Depths:1 | crauler: взяли, все съебались
 17003 | Depths:1 | jacquesderrida: ХАЙ
 17003 | Depths:1 | jacquesderrida: МАЧИ ЛЕЛЕЕР
 17021 | Depths:1 | Noticed Sojobo
 17022 | Depths:1 | Noticed a tengu reaver
 17023 | Depths:1 | HP: 6/127 [spark wasp (22)]
 17023 | Depths:1 | The Shining One protects you from harm!
 17024 | Depths:1 | Killed from afar by Sojobo

Dungeon Overview and Level Annotations

Branches:
Dungeon (15/15)            Temple (1/1) D:6            Lair (0/8) D:9
    Orc (0/2) D:10         Vaults (0/5) D:14         Depths (1/5) D:15

Altars:
Ashenzari
Cheibriados
Dithmenos
Elyvilon
Fedhas
Gozag
Kikubaaqudgha
Makhleb
Nemelex Xobeh
Okawaru
Pakellas
Qazlal
Ru
Sif Muna
Trog
Vehumet
Xom
Yredelemnul
Zin
The Shining One

Shops:
D:6 [   D:9 %   D:11 [   D:12 :

Annotations:
D:14 Frances
Depths:1 Gruesome's ghost, adept DsGl; Sojobo


Message History

The spark wasp stings you! The spark wasp shocks you!
Unknown command.
You slice the spark wasp!! You freeze the spark wasp.
The spark wasp is heavily wounded.
The spark wasp stings you but does no damage. x2
Unknown command.
Use which ability? (? or * to list)
The golden flame engulfs you! You resist.
The golden flame engulfs the spark wasp.
The spark wasp writhes in agony!
The spark wasp is heavily wounded.
The golden flame engulfs the cyan ugly thing.
The cyan ugly thing writhes in agony!
The cyan ugly thing is lightly wounded.
You are feeling hungry.
You hear a shout! x2; You hear a bark!
You hear a shout! x2; You hear a bark!
You hear a shout!
The purple ugly thing basks in the mutagenic energy from its kin and changes!
The spark wasp misses you.
Sojobo, King of Tengu comes into view.
He is wielding a great sword of electrocution.
Unknown command.
Use which ability? (? or * to list)
The golden flame engulfs you! You resist.
The golden flame engulfs the spark wasp.
The spark wasp writhes in agony!
The spark wasp is severely wounded.
The golden flame engulfs the cyan ugly thing.
The cyan ugly thing writhes in agony!
The cyan ugly thing is moderately wounded.
The golden flame engulfs Sojobo.
Sojobo writhes in agony!
Sojobo is lightly wounded.
You feel somewhat more hungry.
You hear an angry buzzing noise.
You hear a bark!
The spark wasp closely misses you. You block the spark wasp's attack.
A tengu reaver comes into view. It is wielding a great sword.
Unknown command.
Use which ability? (? or * to list)
The golden flame engulfs you! You resist.
The golden flame engulfs the spark wasp.
The spark wasp writhes in agony!
The spark wasp is almost dead.
The golden flame engulfs the cyan ugly thing.
The cyan ugly thing writhes in agony!
The cyan ugly thing is moderately wounded.
The golden flame engulfs Sojobo.
Sojobo writhes in agony!
Sojobo is moderately wounded.
You feel somewhat more hungry.
You hear a bark!
Sojobo casts a spell at you.
The bolt of lightning hits the spark wasp.
The spark wasp completely resists.
The bolt of lightning hits you! The spark wasp stings you!!
The spark wasp shocks you!
The hellwing gives a chilling moan.
Unknown command.
Use which ability? (? or * to list)
The golden flame engulfs you! You resist.
The golden flame engulfs the spark wasp.
The spark wasp writhes in agony!
The spark wasp is almost dead.
The golden flame engulfs the cyan ugly thing.
The cyan ugly thing writhes in agony!
The cyan ugly thing is heavily wounded.
The golden flame engulfs Sojobo.
Sojobo writhes in agony!
Sojobo is moderately wounded.
You feel somewhat more hungry.
You hear an angry buzzing noise.
You hear a shout! x2; You hear a bark!
The spark wasp completely misses you. The spark wasp stings you!!
The spark wasp shocks you! The Shining One protects you from harm!
Unknown command.
Use which ability? (? or * to list)
You don't have enough magic at the moment.
Unknown command.
Unknown command.
Read which item? (? for menu, Esc to quit)
As you read the scroll of teleportation, it crumbles to dust.
You feel strangely unstable.
Sojobo waves his feathered arms in wide circles.
The air twists around and strikes you!
You die...

You could see Sojobo, a tengu reaver, 2 ugly things, a spark wasp and a hellwing.

Vanquished Creatures
  Kirke (D:14)
  A fire giant (Depths:1)
  A stone giant (Depths:1)
  Erolcha (D:9)
  A minotaur (Lab)
  8 vault guards
  3 hydras
  2 ice dragons (D:15)
  A great orb of eyes (Depths:1)
  A yaktaur captain (D:9)
  Harold (D:10)
  5 centaur warriors
  A catoblepas (D:14)
  The ghost of George the Shield-Bearer, a novice FoFi of Okawaru (D:7)
  2 unseen horrors
  A giant orange brain (Depths:1)
  An orc knight (D:9)
  2 deep elf magi
  6 hill giants
  A cyclops (D:13)
  2 manticores
  A griffon (D:15)
  3 ugly things
  2 centaur zombies
  A smoke demon (Depths:1)
  A gargoyle (D:13)
  2 komodo dragons
  3 kobold demonologists
  5 hellwings (Depths:1)
  3 yaktaurs (D:14)
  6 trolls
  A wolf spider simulacrum (D:14)
  6 slime creatures
  2 two-headed ogres
  A harpy skeleton (D:15)
  A hornet zombie (D:15)
  3 wyverns
  A redback (shapeshifter) (Depths:1)
  A vampire (D:14)
  A water elemental (Depths:1)
  A wraith (D:10)
  The ghost of barb4r1an the Skirmisher, an amateur MiBe of Trog (D:4)
  A human (D:9)
  17 yaks
  3 hungry ghosts
  4 hogs (D:14)
  Grum (D:11)
  3 basilisks
  5 hippogriffs
  7 vampire mosquitoes
  A soldier ant (D:14)
  A warg (D:10)
  3 orc warriors
  2 sky beasts
  3 phantoms
  2 eyes of draining (D:14)
  6 ice beasts
  2 black bears
  6 ogres
  4 wolves (D:11)
  21 centaurs
  A crocodile (D:11)
  6 big kobolds
  8 giant frogs
  2 scorpions
  11 killer bees
  3 wights (D:12)
  5 howler monkeys
  8 crimson imps
  2 giant frog zombies
  A jelly (D:8)
  A quasit (D:4)
  6 orc priests
  3 hounds
  Crazy Yiuf (D:2)
  11 orc wizards
  5 centaur skeletons
  A giant frog skeleton (D:10)
  2 iguanas (D:10)
  7 worker ants
  A worker ant zombie (D:10)
  4 gnolls (D:3)
  14 adders
  7 shadow imps
  An ooze (D:5)
  2 adder skeletons
  5 worms
  2 dart slugs (D:1)
  6 giant geckos
  41 orcs
  8 bats
  9 giant cockroaches
  8 goblins
  11 hobgoblins
  10 jackals
  24 kobolds
  6 quokkas
  2 ball pythons
  A giant cockroach zombie (D:5)
  2 giant gecko skeletons
  7 giant newts
  3 quokka skeletons
  A quokka zombie (D:5)
  11 rats
451 creatures vanquished.

Vanquished Creatures (others)
  5 sheep (D:5)
  14 plants
19 creatures vanquished.

Grand Total: 470 creatures vanquished

Action                   |  1- 3 |  4- 6 |  7- 9 | 10-12 | 13-15 || total
-------------------------+-------+-------+-------+-------+-------++-------
Melee: War axe           |    93 |   221 |   276 |   125 |       ||   715
       Battleaxe         |       |       |       |   295 |   314 ||   609
Invok: Lesser Healing    |       |       |     1 |       |       ||     1
       Divine Shield     |       |       |       |     1 |     1 ||     2
       Cleansing Flame   |       |       |       |       |    10 ||    10
Evoke: Wand              |       |       |       |     6 |       ||     6
  Use: Potion            |     1 |     2 |     6 |     4 |     1 ||    14
       Scroll            |       |       |    14 |    21 |     8 ||    43
  Eat: Chunk             |       |     7 |     7 |    10 |    10 ||    34
       Bread ration      |       |       |     2 |       |       ||     2
       Royal jelly       |       |       |     1 |       |       ||     1
       Meat ration       |       |       |       |     3 |       ||     3
Armor: Scale mail        |    53 |       |       |   121 |   203 ||   377
       Chain mail        |       |    17 |       |       |       ||    17
       Plate armour      |       |   185 |   198 |    93 |       ||   476
Dodge: Dodged            |    55 |    88 |    95 |   184 |   213 ||   635
Block: Other             |       |       |       |     3 |     1 ||     4

Vault maps used:
D:1:      minmay_arrival_wavy_path, serial_glass, glass_columns_b,
          glass_columns_b, minivault_4, minivault_14
D:2:      grunt_pakellas_basics, first_bread, minmay_misc_feat_tiny,
          uniq_crazy_yiuf_cottage
D:3:      grunt_temple_overflow_magic_moments, fedhas_altar_1
D:4:      kennysheep_mini_moat
D:5:      grunt_temple_overflow_order_and_chaos_2, kb_xom_exploding_sheep
D:6:      minmay_temple_entry_poolview, serial_shops, shop
D:7:      lemuel_doored_altar, basic_altar, kennysheep_small_circle
D:8:      nicolae_ru_great_annihilating_truth
D:9:      overflow_temple_1_default, lemuel_coloured_pillars_altar,
          david_lair_shrubbed, serial_shops, shop, grunt_pizzeria, hex_large,
          jmf_multi_god_temple, uniq_erolcha
D:10:     erik_orc_3, uniq_harold
D:11:     serial_shops, nicolae_shop_competitors_out_of_business, uniq_grum
D:12:     serial_shops, shop, lab_entry_generic
D:14:     erik_vaults_2, serial_glass, glass_columns_a, glass_columns_b,
          eino_tiny_chamber, uniq_frances, uniq_kirke
D:15:     grunt_enter_depths_hoard, nicolae_dithmenos_the_darkroom, basic_altar,
          hangedman_decor_slide_cut, corexii_checkpoint_b
Temple:   minmay_temple_bridge_b_8
Depths:1: patterned_corridor, abyss_entry_crystal, hellmouth_3,
          serial_bayou_crossing, serial_bayou_shore_b, uniq_sojobo
Lab:      nicolae_lab_dead_adventurers
